 Seeded DCSS version 0.31-a0-187-gba352fbbf7 (webtiles) character file.

Game seed: 11675102324532518072 (custom seed)

91 Hubris850 the Conjurer (level 4, -7/27 HPs)
             Began as a Tengu Conjurer on June 22, 2023.
             Mangled by an ice beast (14 damage)
             ... on level 2 of the Dungeon.
             The game lasted 00:06:35 (2404 turns).

Hubris850 the Conjurer (Tengu Conjurer)             Turns: 2404, Time: 00:06:37

Health: -7/27      AC: 10    Str:  9    XL:     4   Next: 57%
Magic:  16/17      EV: 11    Int: 18    God:
Gold:   131        SH:  0    Dex: 13    Spells: 6/7 levels left

rFire   . . .        g - +0 whip (flame)
rCold   . . .        (no shield)
rNeg    . . .        o - +5 ring mail of the Gardener {MP+9 SInv}
rPois   .            (helmet restricted)
rElec   .            (no cloak)
rCorr   +            (no gloves)
SInv    +            (boots unavailable)
Will    .....        (no amulet)
Stlth   +            t - ring of resist corrosion
HPRegen 0.24/turn    (no ring)
MPRegen 0.15/turn

%: no passive effects
@: no status effects
A: beak, talons 3
a: no special abilities


You were on level 2 of the Dungeon.
You visited 1 branch of the dungeon, and saw 3 of its levels.

You collected 131 gold pieces.

Inventory:

Hand Weapons
 g - a +0 whip of flaming (weapon)
Missiles
 k - 4 poisoned darts
Armour
 a - a +0 robe
 o - the +5 ring mail of the Gardener (worn) {MP+9 SInv}
   (You found it on level 2 of the Dungeon)

   MP:        It affects your magic capacity (+9).
   SInv:      It lets you see invisible.
 r - a +0 pair of gloves
Jewellery
 t - a ring of resist corrosion (left hand)
Scrolls
 c - 3 scrolls of blinking
 d - a scroll of teleportation {unknown}
 f - a scroll of torment {unknown}
 i - 2 scrolls of revelation
 j - a scroll of brand weapon {unknown}
 l - a scroll of acquirement {unknown}
 m - a scroll of butterflies {unknown}
 n - 3 scrolls of noise {unknown}
 p - a scroll of identify
 u - a scroll of fog {unknown}
Potions
 b - a potion of magic
 e - 3 potions of curing
 h - 3 potions of attraction
 q - a potion of heal wounds
 s - a potion of lignification {unknown}


   Skills:
 + Level 2.4 Fighting
 + Level 1.0 Short Blades
 + Level 0.8 Armour
 + Level 3.6 Dodging
 - Level 2.0 Stealth
 - Level 2.0 Spellcasting
 - Level 5.3 Conjurations


You had 6 spell levels left.
You knew the following spells:

 Your Spells              Type           Power      Damage    Failure   Level
a - Magic Dart            Conj           80%        1d7       6%          1

Your spell library contained the following spells:

 Spells                   Type           Power      Damage    Failure   Level
 Searing Ray              Conj           40%        2d5       9%          2
 Slow                     Hex            4%         N/A       45%         1
 Dazzling Flash           Conj/Hex       22%        N/A       45%         3
 Call Canine Familiar     Summ           1%         N/A       83%         3
 Confusing Touch          Hex            1%         N/A       83%         3
 Frozen Ramparts          Ice            2%         1d1       83%         3
 Portal Projectile        Hex/Tloc       2%         N/A       83%         3
 Vampiric Draining        Necr           1%         2d6       83%         3
 Fulminant Prism          Conj/Hex       5%         3d7       86%         4
 Iskenderun's Mystic Bla  Conj/Tloc      11%        2d4       86%         4
 Ice Form                 Ice/Tmut       1%         N/A       99%         4
 Leda's Liquefaction      Hex/Erth       0%         N/A       99%         4
 Summon Ice Beast         Ice/Summ       1%         N/A       99%         4


Dungeon Overview and Level Annotations

Branches:
Dungeon (3/15)

Altars:
The Shining One


Innate Abilities, Weirdness & Mutations

You have a beak for a mouth.
You have claws for feet.


Message History

Casting: Magic Dart (safe; 6% risk of failure)
Confirm with . or Enter, or press ? or * to list all spells.
Aiming: Magic Dart (safe; 6% risk of failure)
Press: ? - help, Shift-Dir - straight line, f/p - gnoll
Aim: a gnoll, wielding a +0 club and quivering stones (moderately wounded, 100% to hit)
Okay, then.
Things that are here:
a +0 club; a kobold corpse
There is a large open door here.
Things that are here:
a +0 club; a +0 whip; 6 stones
Found a scroll labelled NEELUI YTIR.
The gnoll throws a stone.
The stone barely misses you.
There is a stone staircase leading up here.
The magic dart hits the ice beast.
The ice beast is lightly wounded.
The magic dart hits the ice beast.
The ice beast is lightly wounded.
The ice beast barely misses you.
You climb upwards.
There is a stone staircase leading down here.
You completely miss the ice beast.
You peck the ice beast, but do no damage.
The ice beast is lightly wounded.
The ice beast hits you. The ice beast freezes you. The ice beast hits you.
The ice beast freezes you!
You barely miss the ice beast. You claw the ice beast.
The ice beast is moderately wounded.
The ice beast hits you but does no damage.
You closely miss the ice beast. You peck the ice beast.
The ice beast is moderately wounded.
The ice beast barely misses you.
You closely miss the ice beast.
You claw the ice beast, but do no damage.
The ice beast is moderately wounded.
The ice beast hits you.
* * * LOW HITPOINT WARNING * * *
The ice beast freezes you!
Ouch! That really hurt!
You die...

####.#.#....##.#.#...#..###.#####
#.#.#.........................
####.#.#..#.##.#.#...#.####.###.#
.................................
####.#.#....####.##..#.......####
..)..#.#.............#..####.#
####.#.#..รท.............# #.#
#.#.#.....###.......## #.#
####.#.#.#.....Y@.#..#.# #.#
.......#.#..#####.#..#.# #.#
####.#.#.#..#####.#..#.# #.#
............[........#.#####.####
####.#.#.#..#....................
####.#.#.#..#.######.#.######....
...................#.#...# #....
####.#.#.#..#.####.#.#...# #....
#.#.#.#..#.####.#.#...####)...


You could see an ice beast.

Vanquished Creatures
  3 adders
  2 dart slugs
  An orc (D:3)
  4 ball pythons
  3 endoplasms
  2 giant cockroaches (D:1)
  3 goblins
  10 hobgoblins
  2 quokkas
  4 bats
  7 frilled lizards
  12 kobolds
  4 rats
57 creatures vanquished.

Notes
Turn   | Place    | Note
-------+----------+-------------------------------------------
     0 | D:1      | Hubris850 the Tengu Conjurer began the quest for the Orb.
     0 | D:1      | Reached XP level 1. HP: 10/10 MP: 4/4
   219 | D:1      | Reached skill level 1 in Fighting
   219 | D:1      | Reached XP level 2. HP: 16/16 MP: 4/6
  1000 | D:2      | Reached XP level 3. HP: 21/21 MP: 3/7
  1128 | D:2      | Found a glowing golden altar of the Shining One.
  1159 | D:2      | Identified the +5 ring mail of the Gardener {MP+9 SInv}
  1987 | D:3      | Reached XP level 4. HP: 26/26 MP: 8/8
  2165 | D:3      | Reached skill level 1 in Short Blades
  2355 | D:3      | Noticed an ice beast
  2404 | D:2      | Mangled by an ice beast

Illustrated notes

Levels and vault maps discovered:
D:1:      elethiomel_arrival_quiet, layout_loops_ring
D:2:      cheibrodos_helix_gallery, layout_basic, basic_altar
D:3:      minmay_goblin_kobold_castle, layout_basic

Skill      XL: |  1  2  3  4 |
---------------+-------------+-----
Fighting       | 1 2 |  2.4
Dodging        | 3 |  3.6
Short Blades   | 1 |  1.0
Armour         | |  0.8
Stealth        | |  2.0
Spellcasting   | |  2.0
Conjurations   | |  5.3

Action                     |  1- 3 |  4- 6 || total
---------------------------+-------+-------++-------
  Melee: Unarmed           |     5 |       ||     5
         Whip              |     4 |     8 ||    12
         Kick              |     3 |     3 ||     6
         Peck              |     2 |     3 ||     5
   Cast: Magic Dart        |    68 |    36 ||   104
    Use: Scroll            |     1 |     5 ||     6
 Armour: Ring mail         |     4 |     4 ||     8
  Dodge: Dodged            |    10 |     8 ||    18

Table legend: (Time is in decaauts)
 A = Elapsed time spent in this place.
 B = Non-inter-level travel time spent in this place.
 C = Inter-level travel time spent in this place.
 D = Time resting spent in this place.
 E = Time spent auto-exploring this place.
 F = Levels seen in this place.
 G = Mean time per level.
                   A        B        C        D        E       F      G
               +--------+--------+--------+--------+--------+-----+--------+
         Total |   2405 |   2376 |     29 |    139 |   1754 |   3 |  801.7 |
       Dungeon |   2405 |   2376 |     29 |    139 |   1754 |   3 |  801.7 |
               +--------+--------+--------+--------+--------+-----+--------+

Top non-repeatable levels by time:
     D:2: 1209 daAuts
     D:1: 770 daAuts
     D:3: 425 daAuts
